| TOP OF THE 1ST |
|
Greeneville Astros batting - Pitching for Pulaski Yankees : LHP Sergio Huerta
|
|
Pitching: LHP Sergio Huerta
|
|
|
Batting: LHB Bert Middleton
|
0-0: Swinging Strike 0-1: Ball 1-1: Fly out, F7 (Line Drive, 7, EV 91.2 MPH)
|
|
Batting: SHB Rory Mozer
|
0-0: Swinging Strike 0-1: Called Strike 0-2: Strikes out looking
|
|
Batting: LHB Josh Glass
|
0-0: Foul Ball, location: 2F 0-1: Ball 1-1: Called Strike 1-2: Strikes out swinging
|
| Top of the 1st over - 0 runs, 0 hits, 0 errors, 0 left on base; Greeneville 0 - Pulaski 0 |
| BOTTOM OF THE 1ST |
|
Pulaski Yankees batting - Pitching for Greeneville Astros : LHP Manny Muniz
|
|
Pitching: LHP Manny Muniz
|
|
|
Batting: RHB Jim O'Dwyer
|
0-0: Foul Ball, location: 2F 0-1: Foul Ball, location: 2F 0-2: SOLO HOME RUN (Flyball, 9D, EV 93.8 MPH), Distance : 368 ft
|
|
Batting: SHB Dylan Best
|
0-0: Ball 1-0: Ball 2-0: Ball 3-0: Base on Balls
|
|
Batting: RHB Paul Ngumi
|
0-0: Ball 1-0: Ball 2-0: Called Strike 2-1: Ball Dylan Best is caught stealing 2nd base 2-4 3-1: Foul Ball, location: 2F 3-2: Foul Ball, location: 2F 3-2: Foul Ball, location: 2F 3-2: Ground out 5-3 (Groundball, 56, EV 101.2 MPH)
|
|
Batting: RHB Ken Stair
|
0-0: Ball 1-0: Ball 2-0: Ball 3-0: Called Strike 3-1: Base on Balls
|
|
Batting: RHB Jonathan Feldstein
|
0-0: Foul Ball, location: 2F 0-1: Foul Ball, location: 2F 0-2: Strikes out swinging
|
| Bottom of the 1st over - 1 run, 1 hit, 0 errors, 1 left on base; Greeneville 0 - Pulaski 1 |
| TOP OF THE 2ND |
|
Greeneville Astros batting - Pitching for Pulaski Yankees : LHP Sergio Huerta
|
|
Batting: LHB Guadalupe Gonzalez
|
0-0: Called Strike 0-1: Ball 1-1: Foul Ball, location: 2F 1-2: Ground out U3 (Groundball, 23, EV 89.4 MPH)
|
|
Batting: RHB Josh Reisner
|
0-0: Called Strike 0-1: Fly out, F7 (Line Drive, 7, EV 91.2 MPH)
|
|
Batting: LHB Bob Neale
|
0-0: Ball 1-0: Foul Ball, location: 2F 1-1: Foul Ball, location: 2F 1-2: Fly out, F7 (Flyball, 7S, EV 84.4 MPH)
|
| Top of the 2nd over - 0 runs, 0 hits, 0 errors, 0 left on base; Greeneville 0 - Pulaski 1 |
| BOTTOM OF THE 2ND |
|
Pulaski Yankees batting - Pitching for Greeneville Astros : LHP Manny Muniz
|
|
Batting: LHB Dave Ortiz
|
0-0: Called Strike 0-1: Fly out, F8 (Flyball, 8RM, EV 78.1 MPH)
|
|
Batting: RHB Bailey Hays
|
0-0: Ground out U3 (Groundball, 34S, EV 87.5 MPH)
|
|
Batting: RHB Scott Cuff
|
0-0: Ball 1-0: Ball 2-0: Called Strike 2-1: Called Strike 2-2: Strikes out swinging, 2-3 out at first.
|
| Bottom of the 2nd over - 0 runs, 0 hits, 0 errors, 0 left on base; Greeneville 0 - Pulaski 1 |
| TOP OF THE 3RD |
|
Greeneville Astros batting - Pitching for Pulaski Yankees : LHP Sergio Huerta
|
|
Batting: RHB Bill Borden
|
0-0: Called Strike 0-1: Foul Ball, location: 2F 0-2: Ball 1-2: Ball 2-2: Foul Ball, location: 2F 2-2: Ball 3-2: Strikes out swinging
|
|
Batting: RHB Fernando Acosta
|
0-0: Ground out 4-3 (Groundball, 4, EV 103.1 MPH)
|
|
Batting: RHB Kenny Beall
|
0-0: Foul Ball, location: 2F 0-1: Swinging Strike 0-2: Strikes out looking
|
| Top of the 3rd over - 0 runs, 0 hits, 0 errors, 0 left on base; Greeneville 0 - Pulaski 1 |
| BOTTOM OF THE 3RD |
|
Pulaski Yankees batting - Pitching for Greeneville Astros : LHP Manny Muniz
|
|
Batting: RHB Juan Perez
|
0-0: Ball 1-0: Called Strike 1-1: Ball 2-1: DOUBLE (Flyball, 8RXD, EV 104.4 MPH)
|
|
Batting: RHB Jim O'Dwyer
|
0-0: Called Strike 0-1: SINGLE (Groundball, 34D, EV 94.4 MPH) Juan Perez to third
|
|
Batting: SHB Dylan Best
|
0-0: Swinging Strike Passed Ball! Juan Perez scores Jim O'Dwyer to second 0-1: Ball 1-1: Ball 2-1: Fly out, F7 (Flyball, 78D, EV 100.0 MPH)
|
|
Batting: RHB Paul Ngumi
|
0-0: Called Strike 0-1: Foul Ball, location: 2F 0-2: Ball Wild Pitch! Jim O'Dwyer to third 1-2: Foul Ball, location: 2F 1-2: Strikes out looking
|
|
Batting: RHB Ken Stair
|
0-0: Ball 1-0: Ball 2-0: Ball Wild Pitch! Jim O'Dwyer scores 3-0: Called Strike 3-1: Base on Balls
|
|
Batting: RHB Jonathan Feldstein
|
0-0: Foul Ball, location: 2F 0-1: Foul Ball, location: 2F 0-2: Ball 1-2: Strikes out looking
|
| Bottom of the 3rd over - 2 runs, 2 hits, 0 errors, 1 left on base; Greeneville 0 - Pulaski 3 |
| TOP OF THE 4TH |
|
Greeneville Astros batting - Pitching for Pulaski Yankees : LHP Sergio Huerta
|
|
Batting: LHB Bert Middleton
|
0-0: Foul Ball, location: 2F 0-1: Ball 1-1: Ball 2-1: Foul Ball, location: 2F 2-2: Strikes out swinging
|
|
Batting: SHB Rory Mozer
|
0-0: Called Strike 0-1: Swinging Strike 0-2: Foul Ball, location: 2F 0-2: Strikes out looking
|
|
Batting: LHB Josh Glass
|
0-0: Ball 1-0: Ball 2-0: Ground out 4-3 (Groundball, 4, EV 102.5 MPH)
|
| Top of the 4th over - 0 runs, 0 hits, 0 errors, 0 left on base; Greeneville 0 - Pulaski 3 |
| BOTTOM OF THE 4TH |
|
Pulaski Yankees batting - Pitching for Greeneville Astros : LHP Manny Muniz
|
|
Batting: LHB Dave Ortiz
|
0-0: Swinging Strike 0-1: Swinging Strike 0-2: Foul Ball, location: 2F 0-2: Ball 1-2: Strikes out swinging
|
|
Batting: RHB Bailey Hays
|
0-0: Fly out, F8 (Flyball, 8RM, EV 88.8 MPH)
|
|
Batting: RHB Scott Cuff
|
0-0: Swinging Strike 0-1: Foul Ball, location: 2F 0-2: SINGLE (Line Drive, 7S, EV 101.9 MPH)
|
|
Batting: RHB Juan Perez
|
0-0: Called Strike 0-1: Foul Ball, location: 2F 0-2: Ball 1-2: Foul Ball, location: 2F 1-2: Fly out, F8 (Flyball, 8LD, EV 81.9 MPH)
|
| Bottom of the 4th over - 0 runs, 1 hit, 0 errors, 1 left on base; Greeneville 0 - Pulaski 3 |
| TOP OF THE 5TH |
|
Greeneville Astros batting - Pitching for Pulaski Yankees : LHP Sergio Huerta
|
|
Batting: LHB Guadalupe Gonzalez
|
0-0: Ball 1-0: Swinging Strike 1-1: Swinging Strike 1-2: Strikes out swinging
|
|
Batting: RHB Josh Reisner
|
0-0: Ball 1-0: Ball 2-0: Ball 3-0: Base on Balls
|
|
Batting: LHB Bob Neale
|
0-0: Called Strike 0-1: Ball 1-1: Swinging Strike 1-2: Ball 2-2: Foul Ball, location: 2F 2-2: Foul Ball, location: 2F 2-2: Foul Ball, location: 2F 2-2: Strikes out swinging
|
|
Batting: RHB Bill Borden
|
0-0: DOUBLE (Line Drive, 9LM, EV 111.9 MPH) Josh Reisner to third
|
|
Batting: RHB Fernando Acosta
|
0-0: Foul Ball, location: 2F 0-1: Ball 1-1: Fly out, F9 (Flyball, 9LM, EV 102.5 MPH)
|
| Top of the 5th over - 0 runs, 1 hit, 0 errors, 2 left on base; Greeneville 0 - Pulaski 3 |
| BOTTOM OF THE 5TH |
|
Pulaski Yankees batting - Pitching for Greeneville Astros : LHP Manny Muniz
|
|
Batting: RHB Jim O'Dwyer
|
0-0: Ball 1-0: Foul Ball, location: 2F 1-1: Foul Ball, location: 2F 1-2: Strikes out swinging
|
|
Batting: SHB Dylan Best
|
0-0: Fly out, F8 (Flyball, 8LS, EV 73.1 MPH)
|
|
Batting: RHB Paul Ngumi
|
0-0: Called Strike 0-1: Swinging Strike 0-2: Foul Ball, location: 2F 0-2: Ball 1-2: Ball 2-2: Foul Ball, location: 2F 2-2: Ball 3-2: Base on Balls
|
|
Pitching: LHP Chase Smith
|
|
|
Batting: RHB Ken Stair
|
0-0: Ball 1-0: Foul Ball, location: 2F 1-1: Ball 2-1: Ball Paul Ngumi is caught stealing 2nd base 2-4
|
| Bottom of the 5th over - 0 runs, 0 hits, 0 errors, 0 left on base; Greeneville 0 - Pulaski 3 |
| TOP OF THE 6TH |
|
Greeneville Astros batting - Pitching for Pulaski Yankees : LHP Sergio Huerta
|
|
Batting: RHB Kenny Beall
|
0-0: Ball 1-0: Ball 2-0: Fly out, F8 (Flyball, 8RD, EV 98.8 MPH)
|
|
Batting: LHB Bert Middleton
|
0-0: Ball 1-0: Ball 2-0: Ball 3-0: Called Strike 3-1: Base on Balls
|
|
Batting: SHB Rory Mozer
|
0-0: Ball 1-0: Ball 2-0: Ball 3-0: Called Strike 3-1: Base on Balls Bert Middleton to second
|
|
Pitching: RHP Chris Bryant
|
|
|
Batting: LHB Josh Glass
|
0-0: Ball 1-0: Ball 2-0: Hit by Pitch Bert Middleton to third Rory Mozer to second
|
|
Batting: LHB Guadalupe Gonzalez
|
0-0: Ball 1-0: Ball Wild Pitch! Bert Middleton scores Rory Mozer to third Josh Glass to second 2-0: Fly out, F8 (Line Drive, 78D, EV 93.1 MPH) Runner from 3rd tags up, SCORES, no throw by CF
|
|
Batting: RHB Josh Reisner
|
0-0: Ball 1-0: Fly out, F8 (Flyball, 8LD, EV 88.1 MPH)
|
| Top of the 6th over - 2 runs, 0 hits, 0 errors, 1 left on base; Greeneville 2 - Pulaski 3 |
| BOTTOM OF THE 6TH |
|
Pulaski Yankees batting - Pitching for Greeneville Astros : LHP Chase Smith
|
|
Batting: RHB Ken Stair
|
0-0: Ball 1-0: Ground out 5-3 (Groundball, 56, EV 86.9 MPH)
|
|
Batting: RHB Jonathan Feldstein
|
0-0: Ball 1-0: Called Strike 1-1: Foul Ball, location: 2F 1-2: Foul Ball, location: 2F 1-2: Foul Ball, location: 2F 1-2: Strikes out swinging
|
|
Batting: LHB Dave Ortiz
|
0-0: Called Strike 0-1: Foul Ball, location: 2F 0-2: Ball 1-2: Ball 2-2: Foul Ball, location: 2F 2-2: Foul Ball, location: 2F 2-2: Strikes out swinging
|
| Bottom of the 6th over - 0 runs, 0 hits, 0 errors, 0 left on base; Greeneville 2 - Pulaski 3 |
| TOP OF THE 7TH |
|
Greeneville Astros batting - Pitching for Pulaski Yankees : RHP Chris Bryant
|
|
Batting: LHB Bob Neale
|
0-0: Ball 1-0: Foul Ball, location: 2F 1-1: Foul Ball, location: 2F 1-2: Ball 2-2: Ball 3-2: DOUBLE (Line Drive, 7LS, EV 105.0 MPH)
|
|
Batting: RHB Bill Borden
|
0-0: Ball Wild Pitch! Bob Neale to third 1-0: Fly out, F9 (Flyball, 89S, EV 85.0 MPH)
|
|
Batting: RHB Fernando Acosta
|
0-0: Called Strike 0-1: Called Strike 0-2: Strikes out swinging
|
|
Batting: RHB Kenny Beall
|
0-0: Called Strike 0-1: Fly out, F8 (Flyball, 8RD, EV 86.9 MPH)
|
| Top of the 7th over - 0 runs, 1 hit, 0 errors, 1 left on base; Greeneville 2 - Pulaski 3 |
| BOTTOM OF THE 7TH |
|
Pulaski Yankees batting - Pitching for Greeneville Astros : LHP Chase Smith
|
|
Pitching: RHP Marty Jackson
|
|
|
Batting: RHB Bailey Hays
|
0-0: Fly out, F9 (Flyball, 9LD, EV 102.5 MPH)
|
|
Pinch Hitting: LHB Victor Reyna
|
0-0: Swinging Strike 0-1: Foul Ball, location: 2F 0-2: Ball 1-2: Ball 2-2: Foul Ball, location: 2F 2-2: Strikes out swinging
|
|
Batting: RHB Juan Perez
|
0-0: Ground out 6-3 (Groundball, 6, EV 91.9 MPH)
|
| Bottom of the 7th over - 0 runs, 0 hits, 0 errors, 0 left on base; Greeneville 2 - Pulaski 3 |
| TOP OF THE 8TH |
|
Greeneville Astros batting - Pitching for Pulaski Yankees : RHP Chris Bryant
|
|
Now at 3B: Victor Garcia
|
|
|
Now in RF: Victor Reyna
|
|
|
Batting: LHB Bert Middleton
|
0-0: Swinging Strike 0-1: Called Strike 0-2: Ball 1-2: Strikes out swinging
|
|
Batting: SHB Rory Mozer
|
0-0: Ball 1-0: Called Strike 1-1: Ball 2-1: Called Strike 2-2: SINGLE (Line Drive, 4M, EV 93.8 MPH)
|
|
Pitching: LHP Jordan Medina
|
|
|
Batting: LHB Josh Glass
|
0-0: Ball 1-0: Called Strike 1-1: Ball 2-1: Ball 3-1: Swinging Strike 3-2: Strikes out swinging
|
|
Batting: LHB Guadalupe Gonzalez
|
0-0: Ball 1-0: Foul Ball, location: 2F 1-1: Called Strike 1-2: Strikes out swinging
|
| Top of the 8th over - 0 runs, 1 hit, 0 errors, 1 left on base; Greeneville 2 - Pulaski 3 |
| BOTTOM OF THE 8TH |
|
Pulaski Yankees batting - Pitching for Greeneville Astros : RHP Marty Jackson
|
|
Now at SS: Daniel Gladkowski
|
|
|
Pinch Hitting: LHB Chris Viehman
|
0-0: Ball 1-0: Foul Ball, location: 2F 1-1: Ball 2-1: Called Strike 2-2: DOUBLE (Line Drive, 5D, EV 97.5 MPH)
|
|
Batting: SHB Dylan Best
|
0-0: Ball 1-0: 2-RUN HOME RUN (Flyball, 7LD, EV 96.2 MPH), Distance : 343 ft
|
|
Batting: RHB Paul Ngumi
|
0-0: Ball 1-0: SINGLE (Groundball, 6D, EV 107.5 MPH)
|
|
Batting: RHB Ken Stair
|
0-0: Fielders Choice at 2nd, 4-6 (Groundball, 34, EV 103.8 MPH)
|
|
Batting: RHB Victor Garcia
|
0-0: Ball 1-0: Ball 2-0: Ball 3-0: Base on Balls Ken Stair to second
|
|
Batting: LHB Dave Ortiz
|
0-0: SINGLE (Line Drive, 9LS, EV 88.8 MPH) Ken Stair to third Victor Garcia to second
|
|
DELAY
|
Rain delay of 37 minutes in the 8th inning.
|
|
Batting: RHB Bailey Hays
|
0-0: DOUBLE (Line Drive, 89M, EV 95.6 MPH) Ken Stair scores Victor Garcia scores Dave Ortiz to third
|
|
Pitching: LHP Joe Sellick
|
|
|
Batting: LHB Victor Reyna
|
0-0: Ball Wild Pitch! Dave Ortiz scores Bailey Hays to third 1-0: Ball 2-0: Ball 3-0: Called Strike 3-1: Foul Ball, location: 2F 3-2: Foul Ball, location: 2F 3-2: Base on Balls
|
|
Batting: RHB Juan Perez
|
0-0: Ball 1-0: Ball 2-0: Ball 3-0: Base on Balls Victor Reyna to second
|
|
Batting: LHB Chris Viehman
|
0-0: Called Strike 0-1: Ball 1-1: Foul Ball, location: 2F 1-2: Ball 2-2: Fly out, F8 (Flyball, 8RD, EV 100.6 MPH) Runner from 3rd tags up, SCORES, throw by CF
|
|
Batting: SHB Dylan Best
|
0-0: Foul Ball, location: 2F 0-1: Called Strike 0-2: Foul Ball, location: 2F 0-2: Ball 1-2: Strikes out looking
|
| Bottom of the 8th over - 6 runs, 5 hits, 0 errors, 2 left on base; Greeneville 2 - Pulaski 9 |
| TOP OF THE 9TH |
|
Greeneville Astros batting - Pitching for Pulaski Yankees : LHP Jordan Medina
|
|
Now at 1B: Chris Viehman
|
|
|
Batting: RHB Josh Reisner
|
0-0: Foul Ball, location: 2F 0-1: Ball 1-1: Swinging Strike 1-2: Foul Ball, location: 2F 1-2: Strikes out looking
|
|
Batting: LHB Bob Neale
|
0-0: Ball 1-0: Foul Ball, location: 2F 1-1: Ball 2-1: Called Strike 2-2: Ball 3-2: Base on Balls
|
|
Batting: RHB Bill Borden
|
0-0: Ball 1-0: Swinging Strike 1-1: Swinging Strike 1-2: Ball 2-2: Foul Ball, location: 2F 2-2: Strikes out swinging
|
|
Batting: RHB Daniel Gladkowski
|
0-0: Foul Ball, location: 2F 0-1: Foul Ball, location: 2F 0-2: Strikes out swinging
|
| Top of the 9th over - 0 runs, 0 hits, 0 errors, 1 left on base; Greeneville 2 - Pulaski 9 |
|